 Dungeon Crawl Stone Soup version 0.31.0-32-g396128a36d (webtiles) character file.

Game seed: 1068865517174880879

88 Alphaeus the Ruffian (level 4, -19/35 (41) HPs)
             Began as a Troll Shapeshifter on Mar 18, 2024.
             Killed from afar by a laughing skull (24 damage)
             ... with a bolt of negative energy
             ... on level 1 of the Abyss.
             The game lasted 00:01:58 (1183 turns).

Alphaeus the Ruffian (Troll Shapeshifter)           Turns: 1183, Time: 00:01:58

HP:   -19/35 (41)   AC:  4    Str: 24    XL:     4   Next: 29%
MP:   2/3           EV:  9    Int:  6    God:
Gold: 34            SH:  0    Dex:  9    Spells: 3/3 levels left

rFire   . .          .
                       - Unarmed
rCold   . . .        (no shield)
rNeg    . . .        a - +0 animal skin
rPois   .            (helmet currently unavailable)
rElec   .            (cloak currently unavailable)
rCorr   .            (gloves unavailable)
SInv    .            (boots unavailable)
Will    .....        (no amulet)
Stlth   +            (no ring)
HPRegen 1.05/turn    (no ring)
MPRegen 0.08/turn

%: no passive effects
@: beast-form, heavily drained
A: beast (slay +2), large, unfitting armour, claws 3, regeneration 1, shaggy fur
1, tough skin 1
a: Begin Untransformation


You were on level 1 of the Abyss.
You were a hulking beast.
You visited 1 branch of the dungeon, and saw 2 of its levels.
You visited the Abyss 1 time.

You collected 34 gold pieces.

Inventory:

Armour
 a - a +0 animal skin (worn)
Jewellery
 k - an amulet of faith
Talismans
 c - a beast talisman
 d - a flux talisman
Scrolls
 e - a scroll of noise {unknown}
 f - 3 scrolls of identify {unknown}
 g - a scroll of blinking {unknown}
 h - a scroll of fear {unknown}
 i - a scroll of teleportation {unknown}
Potions
 b - a potion of lignification
 j - a potion of haste {unknown}


   Skills:
 + Level 1.5 Fighting
 - Level 1.5 Dodging
 * Level 4.0 Unarmed Combat
 * Level 3.8 Shapeshifting


You had 3 spell levels left.
You didn't know any spells.
Your spell library contained the following spells:

 Spells                   Type           Power      Damage    Failure   Level
 Lesser Beckoning         Tloc           0%         N/A       58%         2
 Gell's Gravitas          Tloc           0%         N/A       83%         3
 Teleport Other           Tloc           0%         N/A       83%         3


Dungeon Overview and Level Annotations

Branches:
Dungeon (2/15)

Altars:


Innate Abilities, Weirdness & Mutations

You are a hulking beast.
Your limbs bulge with bestial killing power. (Slay +2)
You are too large for most types of armour.
You have claws for hands.
Your natural rate of healing is unusually fast.
You are covered in fur. (AC +1)
You have tough skin. (AC +1)


Message History

The goblin hits you with a +2 dagger of distortion.
You are cast into the Abyss!
This branch contains the abyssal rune of Zot.
Found a corrupted altar of Lugonu.
A neqoxec comes into view.
The neqoxec shouts!
A laughing skull comes into view.
The laughing skull gives a hideous shriek!
The neqoxec gestures at you. Something gnaws on your mind!
You feel your power leaking away.
A ynoxinul comes into view.
The ynoxinul gestures.
The ynoxinul gestures.
The ynoxinul gestures.
The ufetubus hits you. x2
The laughing skull lets out a vicious peal of laugher.
The bolt of negative energy hits the ufetubus.
The ufetubus completely resists.
The bolt of negative energy hits you!!
You feel drained.
Ouch! That really hurt!
* * * LOW HITPOINT WARNING * * *
The ufetubus hits you.
* * * LOW HITPOINT WARNING * * *
The ufetubus barely misses you.
The laughing skull gibbers with scorn.
The bolt of negative energy hits the ufetubus.
The ufetubus completely resists.
The bolt of negative energy misses you.
The ufetubus hits you but does no damage. x2
The ufetubus closely misses you. x2; The ufetubus hits you.
* * * LOW HITPOINT WARNING * * *
The ufetubus barely misses you. The ufetubus closely misses you.
The ufetubus barely misses you.
The ufetubus hits you but does no damage.
The ufetubus closely misses you.
The laughing skull gibbers with scorn.
The bolt of negative energy hits you!!
You feel drained.
Ouch! That really hurt!
You die...
The laughing skull crumbles to pieces from sheer joy.

#....# #..#. .#
...#..## #....
........
##....#
####.....##.#.
.. . ..##.....
§3###.... ###
#...#..#.#.# #.
.
...#......#.z.#
##. #.......##
## .
§§h§##.#.##
##55.z.#..#
#..555#...###
....#..55.#...#
#. #...3..##.#
#.##..### ##
#...... .#..##.
..... ##


You could see a ynoxinul, a laughing skull and 7 ufetubi.

Vanquished Creatures
  4 gnolls (D:2)
  3 dart slugs (D:1)
  4 bats
  4 endoplasms (D:1)
  2 giant cockroaches
  3 goblins
  4 hobgoblins (D:1)
  3 quokkas
  4 ball pythons
  2 frilled lizards
  5 kobolds (D:1)
  3 rats (D:1)
41 creatures vanquished.

Notes
Turn   | Place    | Note
-------+----------+-------------------------------------------
     0 | D:1      | Alphaeus the Troll Shapeshifter began the quest for the
                  | Orb.
     0 | D:1      | Reached XP level 1. HP: 18/18 MP: 0/0
   101 | D:1      | Reached skill level 1 in Fighting
   101 | D:1      | Reached XP level 2. HP: 23/27 MP: 1/1
   472 | D:1      | Reached XP level 3. HP: 33/33 MP: 2/2
  1062 | D:2      | Reached XP level 4. HP: 15/41 MP: 3/3
  1063 | D:2      | Reached skill level 4 in Unarmed Combat
  1110 | Abyss:1  | Found a corrupted altar of Lugonu.
  1110 | Abyss:1  | Cast into level 1 of the Abyss (goblin)
  1127 | Abyss:1  | Noticed a neqoxec
  1173 | Abyss:1  | Noticed a laughing skull
  1176 | Abyss:1  | Noticed a ynoxinul
  1183 | Abyss:1  | Killed from afar by a laughing skull

Illustrated notes

Levels and vault maps discovered:
D:1:      kilobyte_arrival_exit_the_forest, layout_loops_corners, serial_glass,
          glass_columns_c, glass_columns_a, glass_columns_a, glass_columns_a,
          minivault_14, minmay_misc_feat_four_crosses
D:2:      layout_basic
Abyss:1:  base:
Temple

Skill      XL: |  1  2  3  4 |
---------------+-------------+-----
Fighting       | 1 |  1.5
Unarmed Combat | 4 |  4.0
Dodging        | |  1.5
Shapeshifting  | |  3.8

Action                     |  1- 3 |  4- 6 || total
---------------------------+-------+-------++-------
  Melee: Unarmed           |    73 |     3 ||    76
         Punch             |     1 |       ||     1
 Armour: Animal skin       |    41 |    12 ||    53
  Dodge: Dodged            |    30 |     9 ||    39
